Celery, neutral female sylph Priestess ---------------- |..............| |..............| |...........(..-###### |...........<%.| # ---------------- ### # ### # # --+-.-### |.....# # |....| |...%.## |....| |....| ------ Celery the Adept Experience level: 7 Strength: 14 Dexterity: 11 Constitution: 18 Intelligence: 16 Wisdom: 10 Charisma: 9 Health: 0(67) Energy: 63(63) Def: 2 Gold: 1116 Moves: 4034 Dungeon seed: 1FLK25gCAEpVZCxn Game ID: Celery_1467900289 Your Inventory: Coins $ - 1116 gold pieces Weapons a - a blessed +1 mace (weapon in hand) R - 12 uncursed +0 arrows (in quiver) S - a blessed +1 bow (alternate weapon; not wielded) Armor e - an uncursed greased burnt +0 robe (being worn) n - an uncursed +0 small shield (being worn) Comestibles m - an uncursed slime mold Z - an uncursed cream pie Scrolls c - an uncursed scroll of fire u - 4 uncursed scrolls of scare monster v - a blessed scroll of create monster x - a cursed scroll of identify A - an uncursed scroll of light G - a cursed scroll of stinking cloud X - 3 uncursed scrolls of blank paper Y - an uncursed scroll of enchant weapon Spellbooks g - an uncursed spellbook of cure sickness h - an uncursed spellbook of detect food i - an uncursed spellbook of light B - an uncursed spellbook of cause fear H - an uncursed spellbook of blank paper L - an uncursed spellbook of detect treasure Potions b - 3 potions of holy water k - an uncursed potion of healing t - a cursed potion of booze F - an uncursed potion of object detection Rings s - a cursed -2 ring of gain strength C - an uncursed -4 ring of increase accuracy named penalty Wands D - an uncursed wand of lightning (0:7) I - an uncursed wand of undead turning (0:3) J - an uncursed wand of striking (0:4) Q - an uncursed wand of enlightenment (0:10) W - an uncursed wand of striking (0:3) Tools d - a blessed partly used tallow candle (lit) (0:150) w - an uncursed magic whistle E - an uncursed fire horn (0:6) K - an uncursed mirror N - an uncursed towel P - an uncursed can of grease (0:10) T - an uncursed tin opener V - 7 uncursed partly used tallow candles (lit) (0:150) Gems q - an uncursed worthless piece of orange glass r - an uncursed worthless piece of white glass y - an uncursed worthless piece of green glass z - an uncursed garnet stone Spells and supernatural/magical abilities: Name Level Category Fail Memory c - cause fear 3 enchantment 82% 94% l - light 1 divination 0% 80% E - detect food 2 divination 37% 80% G - detect treasure 4 divination 95% 94% K - cure sickness 3 healing 79% 80% W - pray for help -- divine ? -- X - turn undead -- divine ? -- Your skills at the end: Miscellaneous Skills shield [Basic] wands [Basic] Weapon Skills mace [Skilled] Spellcasting Skills clerical spells [Basic] Final Attributes: You were devoutly aligned. You were confused. You saw invisible. You had infravision. You were displaced. You were stealthy. You were protected from shape changers. You are dead. Vanquished creatures: 3 gnome kings a raven a soldier ant 13 bugbears a wood nymph 3 Mordor orcs an Uruk-hai an orc shaman 2 rock piercers 4 gnome lords 3 gnomish wizards a paper golem a little dog 3 floating eyes a dwarf a homunculus 2 kobold lords 5 kobold shamans an iguana a hill orc a rabid rat 2 werejackals a gas spore 3 hobbits 3 large kobolds 2 geckos 9 hobgoblins a cave spider a yellow mold a gnome 3 jackals 2 foxes 3 kobolds 4 newts 8 goblins a sewer rat 7 grid bugs a bat 5 lichens 107 creatures vanquished. Voluntary challenges: You were vegetarian. You had been an atheist until turn 2982. You used a wielded weapon 172 times, starting on turn 115. You did not apply a unicorn horn. You read items or engraved 28 times, starting on turn 491. You never genocided any monsters. You never polymorphed an object. You never changed form. You used no wishes. You never split a pudding. You never wrote Elbereth's name. You never violated your personal moral code. Dungeon overview: The Dungeons of Doom: levels 1 to 7 Level 1 a long staircase Level 2 a fountain, a sink a long staircase Level 3 some fountains Level 4 a general store Level 5 Level 6 Level 7 <- You were here History has recorded: On T:1 you entered the Dungeons of Doom to retrieve the Amulet of Yendor! On T:486 you reached level 2 of The Dungeons of Doom. On T:488 you advanced to experience level 2. On T:782 you advanced to experience level 3. On T:927 you reached level 3 of The Dungeons of Doom. On T:1533 you reached level 4 of The Dungeons of Doom. On T:1547 you advanced to experience level 4. On T:2594 you reached level 5 of The Dungeons of Doom. On T:2964 you reached level 6 of The Dungeons of Doom. On T:2977 you advanced to experience level 5. On T:3388 you advanced to experience level 6. On T:3505 you advanced to experience level 7. On T:3915 you reached level 7 of The Dungeons of Doom. Score breakdown: Gold: 1116 ( 111 points) Experience: 7 levels ( 600 points) Exploration: 7 levels ( 180 points) Discoveries: 13 items ( 650 points) Variety of kills: 39 monsters ( 1950 points) Major goal: (nothing yet) ( 0 points) Survival: died (score multiplied by 3) Total score: 10473 Latest messages: You have a little trouble lifting E - an uncursed horn. You start playing the horn. The bolt of fire bounces! The bolt of fire hits you! Your robe smoulders! One of your potions of holy water boils and explodes! Your fizzy potion boils and explodes! For an instant you could see right through yourself! Your potion of gain energy boils and explodes! Your ruby potion boils and explodes! You have a momentary vision. Your potion of oil boils and explodes! Your movements are now unencumbered. Your orange potions boil and explode! You feel somewhat dizzy. (You can name an orange potion from the item naming menu.) Your milky potion boils and explodes! You feel rather tired. Your potion of gain energy boils and explodes! Your cyan potion boils and explodes! (You can name a cyan potion from the item naming menu.) You die... Final status: Goodbye Celery the Priestess, killed by a bolt of fire, while sleeping off potion vapours... You died in The Dungeons of Doom on dungeon level 7 with 10473 points, and 1116 pieces of gold, after 4034 moves. You were level 7 with a maximum of 67 hit points when you died.